 Dungeon Crawl Stone Soup version 0.29-a0-323-g050149af67 (webtiles) character file.

Game seed: 12114437085696797319

876 Alarak the Skirmisher (level 8, 0/74 HPs)
             Began as a Hill Orc Monk on Apr 8, 2022.
             Was a Believer of Beogh.
             Slain by a gnoll sergeant
             ... wielding a +2 vorpal spear
              (5 damage)
             ... on level 6 of the Dungeon on Apr 11, 2022.
             The game lasted 00:09:41 (5171 turns).

Alarak the Skirmisher (Hill Orc Monk)               Turns: 5171, Time: 00:09:42

Health: 0/74       AC: 13    Str: 23    XL:     8   Next: 4%
Magic:  8/8        EV:  7    Int: 14    God:    Beogh [**....]
Gold:   228        SH:  0    Dex:  8    Spells: 7/7 levels left

rFire   . . .      SeeInvis .   h - +5 short sword (flame)
rCold   . . .      Faith    .   (no shield)
rNeg    . . .      Spirit   .   A - +1 plate armour
rPois   .          Reflect  .   (no helmet)
rElec   .          Harm     .   (no cloak)
rCorr   .          Rampage  .   (no gloves)
Will    .....                   (no boots)
Stlth   ..........              u - amulet of regeneration
HPRegen 1.02/turn               m - ring "Uceuriam" {Fly Str+7 Int+4 Dex-5}
MPRegen 0.11/turn               (no ring)

@: flying
A: no striking features
a: Renounce Religion, Smiting


You were on level 6 of the Dungeon.
You worshipped Beogh.
Beogh was pleased with you.
You visited 1 branch of the dungeon, and saw 6 of its levels.

You collected 228 gold pieces.

Inventory:

Hand Weapons
 a - a +0 hand axe
 h - a +5 short sword of flaming (weapon)
Missiles
 p - a throwing net (quivered)
Armour
 b - a +0 robe
 g - a +0 leather armour
 k - a +2 chain mail of poison resistance
 v - +0 storm dragon scales
 A - a +1 plate armour (worn)
Jewellery
 m - the ring "Uceuriam" (left hand) {Fly Str+7 Int+4 Dex-5}
   (You found it on level 3 of the Dungeon)

   [ring of flight]

   Str:       It affects your strength (+7).
   Int:       It affects your intelligence (+4).
   Dex:       It affects your dexterity (-5).
   Fly:       It grants you flight.
 u - an amulet of regeneration (around neck)
Wands
 w - a wand of digging (3)
Scrolls
 e - a scroll of fear {unknown}
 j - 2 scrolls of fog
 r - a scroll of enchant weapon
 s - a scroll of blinking
 x - a scroll of magic mapping
 B - 2 scrolls of identify
Potions
 c - 2 potions of ambrosia
 d - 6 potions of brilliance
 f - 3 potions of cancellation
 i - 3 potions of curing
 l - 2 potions of might {unknown}
 n - a potion of mutation {unknown}
 o - a potion of haste {unknown}
 q - a potion of flight {unknown}
 t - 2 potions of attraction {unknown}
 z - 2 potions of lignification {unknown}


   Skills:
 * Level 7.8 Fighting
 - Level 5.4 Axes
 + Level 6.5 Armour
 - Level 2.4 Dodging
 - Level 1.5 Stealth


You had 7 spell levels left.
You didn't know any spells.
Your spell library contained the following spells:

 Spells                   Type           Power      Damage    Failure   Level
 Magic Dart               Conj           0%         1d3       99%         1
 Summon Small Mammal      Summ           0%         N/A       99%         1
 Ensorcelled Hibernation  Hex/Ice        0%         N/A       100%        2
 Searing Ray              Conj           0%         2d4       100%        2
 Call Canine Familiar     Summ           0%         N/A       100%        3
 Spider Form              Tmut/Pois      0%         N/A       100%        3
 Summon Guardian Golem    Hex/Summ       0%         N/A       100%        3
 Anguish                  Hex/Necr       0%         N/A       100%        4
 Fulminant Prism          Conj/Hex       0%         3d6       100%        4
 Malign Gateway           Summ/Tloc      0%         N/A       100%        7
 Summon Horrible Things   Summ           0%         N/A       100%        8


Dungeon Overview and Level Annotations

Branches:
Dungeon (6/15)             Temple (0/1) D:5

Altars:
Kikubaaqudgha


Message History

The gnoll sergeant hits you but does no damage.
The iguana barely misses you. The gnoll hits you but does no damage.
You hit the gnoll. You burn the gnoll.
The gnoll is almost dead.
The gnoll hits you but does no damage.
The gnoll sergeant hits you from afar with a +2 vorpal spear!
The iguana bites you!
* * * LOW HITPOINT WARNING * * *
The gnoll hits you with a +0 flail.
* * * LOW HITPOINT WARNING * * *
You barely miss the gnoll.
The gnoll is almost dead.
The gnoll sergeant hits you but does no damage.
The gnoll hits you from afar with a +0 spear.
* * * LOW HITPOINT WARNING * * *
The iguana bites you but does no damage.
The gnoll hits you but does no damage.
Unknown command.
You hit the iguana. You burn the iguana.
You kill the iguana!
Beogh accepts your kill.
The gnoll hits you but does no damage. x2
The gnoll sergeant hits you but does no damage.
The gnoll hits you but does no damage. The gnoll closely misses you.
The gnoll sergeant hits you from afar with a +2 vorpal spear.
* * * LOW HITPOINT WARNING * * *
x2 You see here an iguana corpse.
The gnoll hits you with a +0 spear.
* * * LOW HITPOINT WARNING * * *
The gnoll closely misses you.
The gnoll sergeant hits you but does no damage.
Things that are here:
a +0 halberd; a gnoll corpse You puncture the gnoll!
You burn the gnoll.
The gnoll is severely wounded.
The gnoll hits you with a +0 spear.
* * * LOW HITPOINT WARNING * * *
The gnoll hits you but does no damage.
The gnoll sergeant hits you with a +2 vorpal spear.
You die...

#####.## ## ##.###.##
#. #........ #..
#........ #..
#######..###.#
#..##+###....##..###.#
#.......#.....#....#..
+...gg..#.....'....#..
#@g###...##...##..
#..##†.########...##..
#.............#....#..
#.............'....#..
#..####.####.##+######
#.. #######.##.######
#.. #.....#.........#
+. #.....#.........#
## #.....#.........'


You could see a gnoll sergeant and 2 gnolls.

Vanquished Creatures
  An ice beast (D:5)
  2 black bears
  A phantom (D:5)
  2 necrophages
  2 jellies (D:5)
  4 iguanas
  An orc wizard (D:5)
  A gnoll (D:6)
  4 adders
  A white imp (D:5)
  4 worms
  3 dart slugs
  5 orcs
  2 ball pythons
  9 endoplasms
  3 giant cockroaches
  2 goblins
  8 hobgoblins
  4 jackals (D:2)
  6 quokkas
  6 bats
  3 frilled lizards
  2 kobolds
  5 rats
81 creatures vanquished.

Vanquished Creatures (collateral kills)
  An ogre (D:5)
1 creature vanquished.

Vanquished Creatures (others)
  An adder (D:3)
  2 orcs (D:3)
  A goblin (D:3)
  A frilled lizard (D:3)
5 creatures vanquished.

Grand Total: 87 creatures vanquished

Notes
Turn   | Place    | Note
-------+----------+-------------------------------------------
     0 | D:1      | Alarak the Hill Orc Monk began the quest for the Orb.
     0 | D:1      | Reached XP level 1. HP: 19/19 MP: 1/1
   344 | D:1      | Reached XP level 2. HP: 21/26 MP: 2/2
   761 | D:1      | Reached skill level 5 in Axes
  1331 | D:2      | Reached XP level 3. HP: 33/33 MP: 3/3
  1665 | D:2      | Reached skill level 4 in Fighting
  1970 | D:2      | Reached skill level 1 in Armour
  2331 | D:3      | Reached XP level 4. HP: 31/41 MP: 4/4
  2334 | D:3      | Identified the ring "Uceuriam" {Fly Str+7 Int+4 Dex-5}
  2346 | D:3      | Became a worshipper of Beogh the Brigand
  2346 | D:3      | Reached * piety under Beogh
  2346 | D:3      | Reached ** piety under Beogh
  2755 | D:3      | Found an ancient bone altar of Kikubaaqudgha.
  3228 | D:4      | Noticed a necrophage
  3242 | D:4      | Killed a necrophage
  3243 | D:4      | Reached skill level 5 in Fighting
  3243 | D:4      | Reached XP level 5. HP: 40/48 MP: 5/5
  3571 | D:4      | Noticed a black bear
  3583 | D:4      | Killed a black bear
  3584 | D:4      | Reached XP level 6. HP: 26/57 MP: 6/6
  3951 | D:5      | Entered Level 5 of the Dungeon
  3956 | D:5      | Reached skill level 6 in Fighting
  4018 | D:5      | Upgraded the game from 0.29-a0-322-g68df515428 to
                  | 0.29-a0-323-g050149af67
  4197 | D:5      | Noticed an ice beast
  4209 | D:5      | Killed an ice beast
  4210 | D:5      | Reached skill level 5 in Armour
  4210 | D:5      | Reached XP level 7. HP: 63/64 MP: 7/7
  4267 | D:5      | Found a staircase to the Ecumenical Temple.
  4320 | D:5      | Reached skill level 7 in Fighting
  5098 | D:6      | Reached XP level 8. HP: 68/74 MP: 8/8
  5171 | D:6      | Slain by a gnoll sergeant

Illustrated notes

Levels and vault maps discovered:
D:1:      co_arrival_square_in_a_square_in_a_square, layout_loops_cross,
          serial_park_tiny_pond
D:2:      layout_basic
D:3:      cheibrodos_pilgrimage, layout_loops_ring,
          nicolae_kikubaaqudgha_miasma_corner
D:4:      minmay_angry_zag, layout_rooms
D:5:      layout_layer_cave, minmay_temple_entry_slanted,
          amcnicky_mini_pool_small
D:6:      layout_gridville

Skill      XL: |  1  2  3  4  5  6  7 |
---------------+----------------------+-----
Axes           | 5 |  5.4
Fighting       | 4 5 6 7 |  7.8
Armour         | 1 3 5 6 |  6.5
Dodging        | |  2.4
Stealth        | |  1.5

Action                   |  1- 3 |  4- 6 |  7- 9 || total
-------------------------+-------+-------+-------++-------
Melee: Hand axe          |    46 |       |       ||    46
       Punch             |     2 |       |     2 ||     4
       Short sword       |    66 |   123 |    85 ||   274
Invok: Convert to Beogh  |       |     1 |       ||     1
  Use: Scroll            |     6 |     3 |     4 ||    13
 Stab: Sleeping          |     4 |       |       ||     4
Armor: Robe              |     3 |       |       ||     3
       Chain mail        |    31 |    78 |    33 ||   142
       Plate armour      |       |       |    39 ||    39
Dodge: Dodged            |    49 |    72 |    52 ||   173

Table legend: (Time is in decaauts)
 A = Elapsed time spent in this place.
 B = Non-inter-level travel time spent in this place.
 C = Inter-level travel time spent in this place.
 D = Time resting spent in this place.
 E = Time spent auto-exploring this place.
 F = Levels seen in this place.
 G = Mean time per level.
                   A        B        C        D        E       F      G
               +--------+--------+--------+--------+--------+-----+--------+
         Total |   5203 |   4966 |    237 |    365 |   3860 |   6 |  867.2 |
       Dungeon |   5203 |   4966 |    237 |    365 |   3860 |   6 |  867.2 |
               +--------+--------+--------+--------+--------+-----+--------+

Top non-repeatable levels by time:
     D:1: 1268 daAuts
     D:5: 1018 daAuts
     D:2: 1014 daAuts
     D:3: 915 daAuts
     D:4: 772 daAuts
     D:6: 214 daAuts
